 Dungeon Crawl Stone Soup version 0.30.1-9-gdf580d7c3d (webtiles) character file.

Game seed: 5189554896118379582

163 Ivernyr the Trooper (level 5, 0/43 HPs)
             Began as a Formicid Fighter on Sept 28, 2023.
             Slain by a scorpion (6 damage)
             ... on level 5 of the Dungeon.
             The game lasted 00:04:46 (3211 turns).

Ivernyr the Trooper (Formicid Fighter)              Turns: 3211, Time: 00:04:46

Health: 0/43       AC:  8    Str: 22    XL:     5   Next: 73%
Magic:  5/5        EV:  8    Int:  8    God:
Gold:   237        SH:  9    Dex: 13    Spells: 4/4 levels left

rFire   . . .        a - +0 flail
rCold   . . .        c - +0 kite shield
rNeg    . . .        b - +0 scale mail
rPois   .            (helmet unavailable)
rElec   .            (no cloak)
rCorr   .            (no gloves)
SInv    +            q - +0 pair of boots
Will    .....        (no amulet) Stlth
                     (no ring)
HPRegen 0.27/turn    (no ring)
MPRegen 0.09/turn

%: no passive effects
@: no status effects
A: permanent stasis, dig shafts and tunnels, antennae 3, four strong arms
a: Dig, Shaft Self


You were on level 5 of the Dungeon.
You visited 1 branch of the dungeon, and saw 5 of its levels.

You collected 237 gold pieces.

Inventory:

Hand Weapons
 a - a +0 flail (weapon)
Missiles
 f - 2 throwing nets
Armour
 b - a +0 scale mail (worn)
 c - a +0 kite shield (worn)
 q - a +0 pair of boots (worn)
Jewellery
 o - a ring of magical power
Wands
 v - a wand of digging (6)
Scrolls
 e - 5 scrolls of immolation {unknown}
 h - 2 scrolls of enchant weapon {unknown}
 j - a scroll of amnesia {unknown}
 k - a scroll of fear {unknown}
 p - a scroll of torment {unknown}
 s - 5 scrolls of identify {unknown}
 t - a scroll of enchant armour {unknown}
 u - 4 scrolls of blinking {unknown}
Potions
 d - 2 potions of might
 g - a potion of mutation {unknown}
 i - a potion of ambrosia {unknown}
 l - a potion of curing {unknown}
 m - a potion of magic {unknown}
 n - 2 potions of attraction {unknown}
 r - 3 potions of brilliance {unknown}


   Skills:
 + Level 4.6 Fighting
 + Level 3.5 Maces & Flails
 + Level 4.6 Armour
 - Level 4.0 Shields


You had 4 spell levels left.
You didn't know any spells.
Your spell library contained the following spells:

 Spells                   Type           Power      Damage    Failure   Level
 Freeze                   Ice            0%         1d3       94%         1
 Shock                    Conj/Air       0%         1d3       94%         1
 Summon Small Mammal      Summ           0%         N/A       94%         1
 Cigotuvi's Dreadful Rot  Necr/Pois/Air  0%         N/A       98%         2
 Call Canine Familiar     Summ           0%         N/A       100%        3
 Frozen Ramparts          Ice            0%         1d1       100%        3
 Hailstorm                Conj/Ice       0%         3d3       100%        3
 Ignite Poison            Fire/Tmut/Pois 0%         N/A       100%        3
 Summon Guardian Golem    Hex/Summ       0%         N/A       100%        3
 Airstrike                Air            0%         2d(0-16)  100%        4
 Freezing Cloud           Conj/Ice/Air   0%         6-21      100%        5
 Swiftness                Air            Unusable   N/A       N/A         3

Dungeon Overview and Level Annotations

Branches:
Dungeon (5/15)
 Temple: D:4-7

Altars:
Kikubaaqudgha
Xom

Shops:
D:2 [

Annotations:
D:5 Edmund


Innate Abilities, Weirdness & Mutations

You cannot be hasted, slowed, berserked, paralysed or teleported.
You can dig through walls and to a lower floor.
You have a pair of large antennae on your head. (SInv)
Your four strong arms can wield two-handed weapons with a shield.


Message History

An orc comes into view. It is wielding a +0 dagger of venom.
An orc comes into view. It is wielding a +0 dagger.
An orc comes into view.
It is wielding a +0 club and wearing a +0 leather armour of poison resistance.
The scorpion moves out of view.
The orc moves out of view.
The orc shouts!
You hear a shout!
You sock the hound!
You kill the hound!
Edmund zaps a wand.
The puff of flame hits you.
Edmund zaps a wand.
The puff of flame hits you!
Things that are here:
a scroll labelled ZAGIDAQOTHRO; a hound corpse The orc shouts!
Things that are here:
a scroll labelled ZAGIDAQOTHRO; a hound corpse The orc attacks as you move away!
The orc closely misses you.
Edmund zaps a wand.
The puff of flame hits you. The orc attacks as you move away!
You block the orc's attack.
Edmund zaps a wand.
The puff of flame hits you! The orc attacks as you move away!
The orc hits you with a +0 dagger of venom.
You are poisoned.
You feel sick.
Edmund says, "You wouldn't believe how much I paid for this flail."
You feel sick.
Edmund clears his throat.
You feel sick.
You barely miss the orc.
You feel sick.
You barely miss the orc.
You feel sick. The orc barely misses you.
You hit the orc.
The orc is heavily wounded.
You feel sick. The orc barely misses you.
You thump the orc!
You kill the orc!
You feel sick.
You are no longer poisoned.
The scorpion barely misses you.
You closely miss the scorpion.
The scorpion stings you but does no damage.
You barely miss the scorpion. The scorpion stings you.
You die...

..... .... ##
..... .... ..
..... ..##. ....
.... #..##..
##.o..#
#.....#########
#....?..os@...#
+.#####.o########
#...{{##..#.##
#............#
#............#
#.##.#......#####
...
###.#........#
#... ###.##......
...... #..# ##...


You could see a scorpion and 2 orcs.

Vanquished Creatures
  A hound (D:5)
  Ijyb (D:5)
  5 adders
  A shadow imp (D:5)
  2 dart slugs
  2 orcs
  5 bats (D:2)
  2 endoplasms
  2 giant cockroaches
  3 goblins
  4 hobgoblins
  5 quokkas
  5 ball pythons
  3 frilled lizards
  8 kobolds
  3 rats
52 creatures vanquished.

Notes
Turn   | Place    | Note
-------+----------+-------------------------------------------
     0 | D:1      | Ivernyr the Formicid Fighter began the quest for the Orb.
     0 | D:1      | Reached XP level 1. HP: 18/18 MP: 1/1
   184 | D:1      | Reached XP level 2. HP: 17/24 MP: 2/2
   750 | D:2      | Found an ancient bone altar of Kikubaaqudgha.
   803 | D:2      | Reached XP level 3. HP: 30/30 MP: 3/3
   897 | D:2      | Found Cetzarighod's Armour Shoppe.
  1179 | D:2      | Reached XP level 4. HP: 37/37 MP: 4/4
  1319 | D:2      | Identified the +1 robe "Kumpaqus" {Rampage Fly rPois Dex-2}
  1819 | D:3      | Found a shimmering altar of Xom.
  2743 | D:4      | Reached XP level 5. HP: 42/42 MP: 5/5
  3031 | D:5      | Entered Level 5 of the Dungeon
  3031 | D:5      | Noticed Ijyb
  3043 | D:5      | Killed Ijyb
  3195 | D:5      | Noticed Edmund
  3211 | D:5      | Slain by a scorpion

Illustrated notes

Levels and vault maps discovered:
D:1:      lemuel_arrival_tunnels, layout_loops_ring, hex_tiny
D:2:      layout_loops_cross, serial_shops, nicolae_shop_hallway_stairs,
          basic_altar, hangedman_glass_teeth, minmay_ruptured
D:3:      layout_basic, tgw_xom, dk_noncrumbling_3
D:4:      layout_loops_ring
D:5:      layout_cave_pools, grunt_qazlal_clouds, lemuel_coloured_pillars_altar,
          kennysheep_generic_room_8, uniq_edmund, uniq_eustachio, uniq_ijyb

Skill      XL: |  1  2  3  4 |
---------------+-------------+-----
Fighting       | 4 |  4.6
Armour         | 4 |  4.6
Maces & Flails | 3 |  3.5
Shields        | |  4.0

Action                     |  1- 3 |  4- 6 || total
---------------------------+-------+-------++-------
  Melee: Flail             |    75 |   109 ||   184
 Armour: Scale mail        |    38 |    57 ||    95
  Dodge: Dodged            |    28 |    51 ||    79
  Block: Buckler           |     5 |       ||     5
         Kite shield       |    33 |    78 ||   111
